AoeStats
← Khirs

Black Forest

504508265Analyzed
4v4 RM · 27d ago on Sep 5, 2026· 45m 38s· 8 players
Game mode
Random Map
Map size
Large (8 player)
Population
200
Speed
Normal
Resources
Standard
Victory
Conquest
Starting age
Dark Age
Ending age
Imperial Age
RankedLock teamsTeams togetherTeam positionsShared explorationLock speedFull tech treeHidden civsTurbo modeCheats
Victory
Defeat
🇧🇷 Britons · Brazil
1023
+12
🇨🇳 Poles · China
970
+14
🇨🇳 Persians · China
957
+15
🇪🇸 Teutons · Spain
813
+22
🇺🇸 Bohemians · United States
988
-18
🇩🇪 Spanish · Germany
920
-15
🇲🇽 Spanish · Mexico
916
-15
🇬🇧 Dravidians · United Kingdom
907
-15
marcobecerrap
0:45 Loom
15:37 Feudal Age
16:07 Double-Bit Axe
16:58 Wheelbarrow
20:59 Castle Age
19:30 Stone Mining
19:23 Horse Collar
29:30 Bow Saw
30:37 Scale Mail Armor
32:12 Hand Cart
36:28 Imperial Age
34:25 Forging
34:25 Gold Mining
35:11 Stone Shaft Mining
36:13 Husbandry
36:24 Bloodlines
36:51 Iron Casting
36:58 Scale Barding Armor
37:25 Cavalier
39:07 Blast Furnace
38:46 Conscription
39:16 Chain Barding Armor
40:11 Two-Man Saw
39:13 Heavy Plow
40:04 Caravan
40:16 Pikeman
40:57 Squires
40:43 Arson
41:06 Town Watch
42:31 Paladin
NinjaNurse
14:15 Feudal Age
19:51 Castle Age
18:29 Wheelbarrow
20:17 Castle Age
18:16 Double-Bit Axe
20:20 Horse Collar
23:13 Bow Saw
24:02 Heavy Plow
25:22 Fletching
25:50 Hand Cart
27:06 Bodkin Arrow
32:16 Imperial Age
29:38 Loom
29:38 Town Watch
32:30 Chemistry
31:53 Ballistics
31:13 Pikeman
31:56 Scale Mail Armor
32:07 Forging
32:23 Squires
32:30 Town Patrol
34:47 Two-Man Saw
34:56 Caravan
35:14 Bracer
35:46 Halberdier
36:44 Chain Mail Armor
37:05 Iron Casting
38:25 Hussite Reforms
37:42 Elite Hussite Wagon
39:03 Plate Mail Armor
39:30 Houfnice
41:00 Conscription
41:23 Redemption
41:50 Fervor
42:02 Sanctity
42:10 Illumination
42:02 Block Printing
45:03 Padded Archer Armor
46:04 Blast Furnace
Antarctic Nerd
0:29 Loom
13:56 Feudal Age
14:38 Double-Bit Axe
15:31 Horse Collar
16:37 Gold Mining
18:06 Town Watch
21:56 Castle Age
20:05 Fletching
20:23 Stone Mining
21:35 Padded Archer Armor
22:02 Arson
23:36 Bow Saw
23:38 Heavy Plow
23:22 Pikeman
23:27 Elite Skirmisher
25:18 Wheelbarrow
28:50 Squires
30:53 Hand Cart
30:49 Fishing Lines
32:17 Caravan
32:55 Gillnets
36:26 Imperial Age
35:30 Leather Archer Armor
35:12 Bodkin Arrow
35:32 Thumb Ring
36:31 Forging
36:53 Ballistics
36:53 Scale Barding Armor
36:34 Elite Elephant Archer
38:55 Conscription
39:48 Chemistry
38:39 Halberdier
39:57 Wootz Steel
luckyluke312
0:51 Loom
11:36 Feudal Age
13:50 Wheelbarrow
19:47 Castle Age
18:11 Double-Bit Axe
19:22 Horse Collar
21:25 Gold Mining
23:42 Heavy Plow
28:10 Stone Mining
32:31 Imperial Age
31:12 Hand Cart
31:54 Caravan
32:28 Bloodlines
33:18 Husbandry
33:40 Conscription
32:43 Cavalier
35:43 Paladin
37:48 Forging
39:24 Fortified Wall
39:10 Murder Holes
41:41 Ballistics
43:12 Scale Barding Armor
43:42 Iron Casting
Khirs
1:07 Loom
16:37 Feudal Age
19:42 Gold Mining
19:41 Horse Collar
19:52 Double-Bit Axe
25:58 Castle Age
24:11 Stone Mining
26:20 Forging
27:43 Stone Shaft Mining
27:14 Heavy Plow
27:22 Pikeman
28:27 Bow Saw
28:49 Scale Mail Armor
31:36 Wheelbarrow
31:23 Fortified Wall
33:11 Fletching
35:24 Ballistics
38:51 Imperial Age
36:53 Hand Cart
38:06 Bodkin Arrow
39:31 Iron Casting
39:11 Masonry
40:58 Chemistry
39:23 Onager
40:29 Conscription
41:29 Ironclad
41:06 Arrowslits
41:51 Scale Barding Armor
41:13 Siege Onager
45:33 Chain Barding Armor
钢七连第4956个兵
7:53 Loom
13:01 Feudal Age
17:40 Castle Age
15:35 Horse Collar
16:09 Double-Bit Axe
18:01 Wheelbarrow
18:56 Heavy Plow
19:07 Bow Saw
28:53 Imperial Age
28:03 Hand Cart
27:34 Town Watch
28:02 Forging
27:58 Gold Mining
29:37 Szlachta Privileges
30:12 Scale Barding Armor
30:53 Crop Rotation
31:57 Iron Casting
31:42 Chain Barding Armor
31:35 Bloodlines
31:35 Town Patrol
32:31 Onager
34:03 Husbandry
33:24 Cavalier
33:25 Light Cavalry
35:01 Conscription
34:26 Winged Hussar
36:10 Capped Ram
39:03 Blast Furnace
43:14 Siege Ram
做宝可梦
13:13 Feudal Age
17:23 Castle Age
22:13 Imperial Age
20:11 Double-Bit Axe
20:59 Fishing Lines
21:04 Horse Collar
24:11 Gillnets
25:36 Wheelbarrow
24:50 Loom
30:11 Forging
31:18 Caravan
31:36 Heavy Plow
32:29 Bow Saw
32:38 Scale Barding Armor
33:11 Iron Casting
33:16 Conscription
33:27 Kamandaran
34:47 Two-Man Saw
35:40 Elite War Elephant
36:49 Crossbowman
39:03 Blast Furnace
38:24 Chain Barding Armor
39:23 Town Watch
40:14 Hand Cart
41:23 Plate Barding Armor
41:44 Thumb Ring
41:59 Citadels
42:11 Bloodlines
42:06 Husbandry
41:26 Cavalier
45:17 Savar
Mineirinha
1:05 Loom
11:52 Feudal Age
17:19 Castle Age
15:33 Double-Bit Axe
25:55 Wheelbarrow
26:51 Bow Saw
26:50 Horse Collar
27:41 Heavy Plow
29:46 Hand Cart
33:08 Imperial Age
31:35 Fletching
31:46 Padded Archer Armor
32:06 Stone Mining
32:07 Gold Mining
34:25 Squires
36:55 Conscription
37:10 Caravan
36:39 Pikeman
37:57 Forging
37:48 Scale Mail Armor
37:44 Bodkin Arrow
38:38 Hand Cart
38:20 Elite Longbowman
40:34 Hoardings
41:33 Chemistry
40:35 Halberdier
42:55 Warwolf
Connection lost

Rejoining the realm…

Still unreachable

The connection could not be restored.

Session expired

The server has moved on; the page needs a fresh start.